 Dungeon Crawl Stone Soup version 0.23.2-30-g0e89c35649 (webtiles) character file.

Game seed: 3502558098965781014

5 MalarOregon the Digger (level 1, -2/9 (15) HPs)
             Began as a Ghoul Earth Elementalist on June 8, 2019.
             Slain by a hobgoblin (5 damage)
             ... on level 1 of the Dungeon.
             The game lasted 00:00:31 (1433 turns).

MalarOregon the Digger (Ghoul Earth Elementalist)   Turns: 1433, Time: 00:00:32

HP:   -2/9 (15)     AC:  2    Str: 11    XL:     1   Next: 80%
MP:   2/2           EV: 12    Int: 10    God:
Gold: 0             SH:  0    Dex:  9    Spells: 2/3 levels left

rFire    . . .     SeeInvis .   (no weapon)
rCold    + . .     Gourm    .   (no shield)
rNeg     + + +     Faith    .   c - +0 robe
rPois    ∞         Spirit   .   (no helmet)
rElec    .         Reflect  .   (no cloak)
rCorr    .         Harm     .   (no gloves)
MR       .....                  (no boots)
Stlth    ++........             (no amulet)
HPRegen  0.00/turn              (no ring)
MPRegen  0.08/turn              (no ring)

@: rotting
A: rotting body, claws 1, carnivore, cold resistance 1, negative energy
resistance 3, inhibited regeneration, torment resistance, unbreathing
a: no special abilities


You were on level 1 of the Dungeon.
You were not hungry.

You visited 1 branch of the dungeon, and saw 1 of its levels.

Inventory:

Missiles
 b - 51 stones (quivered)
Armour
 c - a +0 robe (worn)
Scrolls
 a - a scroll of identify {unknown}
Comestibles
 e - a ration {!d}


   Skills:
 * Level 0.4 Fighting
 * Level 1.9 Dodging
 - Level 2.1 Stealth
 * Level 0.4 Unarmed Combat
 + Level 1.8 Spellcasting
   Level 0.8 Transmutations
 + Level 3.3 Earth Magic


You had 2 spell levels left.
You knew the following spells:

 Your Spells              Type           Power        Failure   Level  Hunger
a - Sandblast             Erth           #.....       9%          1    ##.....

Your spell library contained the following spells:

 Spells                   Type           Power        Failure   Level  Hunger
 Passwall                 Tmut/Erth      #.......     21%         2    ###....
 Stone Arrow              Conj/Erth      #.....       43%         3    ####...
 Petrify                  Tmut/Erth      #.......     80%         4    #####..
 Lee's Rapid Deconstruct  Erth           #.........   92%         5    ######.


Dungeon Overview and Level Annotations

Branches:
Dungeon (1/15)

Altars:


Innate Abilities, Weirdness & Mutations

Your body is rotting away.
You thrive on raw meat.
You are immune to poison.
You have sharp fingernails.
You are carnivorous and can eat meat at any time.
Your flesh is cold resistant. (rC+)
You are immune to negative energy. (rN+++)
You do not regenerate when monsters are visible.
You are immune to unholy pain and torment.
You can survive without breathing.


Message History

You scratch the rat. The rat bites you.
You scratch the rat. The rat bites you.
You barely miss the rat. The rat bites you but does no damage.
You closely miss the rat.
The rat twitches its whiskers.
The rat barely misses you.
You scratch the rat.
You kill the rat!
No target in view!
You start resting.
You feel your flesh rotting away.
You butcher the rat corpse.
a - a chunk of flesh You see here a rat skeleton. x2
Eating a chunk of flesh.
You eat the chunk of flesh.
You feel more resilient.
This raw flesh tastes great!
a - a scroll labeled ZUILAM UCOINU You see here a rat skeleton.
There is an open door here.
An ooze comes into view.
You see here 13 sling bullets.
The helpless ooze fails to defend itself.
You scratch the ooze. The ooze hits you.
You scratch the ooze. The ooze barely misses you.
You scratch the ooze. The ooze hits you.
You barely miss the ooze. The ooze closely misses you.
You scratch the ooze. The ooze barely misses you.
You scratch the ooze.
You kill the ooze!
No target in view!
You start resting.
You feel your flesh rotting away. x6
Unknown command.
b - 51 stones (gained 21)
Found a stone staircase leading down.
There is a stone staircase leading down here.
A hobgoblin and 2 dart slugs come into view.
The helpless hobgoblin fails to defend itself.
You scratch the hobgoblin. The hobgoblin hits you.
You closely miss the hobgoblin. The hobgoblin misses you.
You closely miss the hobgoblin. The hobgoblin hits you.
* * * LOW HITPOINT WARNING * * *
Okay, then.
You completely miss the hobgoblin. The hobgoblin closely misses you.
You barely miss the hobgoblin. The hobgoblin hits you.
* * * LOW HITPOINT WARNING * * *
You barely miss the hobgoblin. The hobgoblin barely misses you.
You barely miss the hobgoblin. The hobgoblin hits you.
Ouch! That really hurt!
You die...

#### .w# ##w #g#
.....#@#########
.........>......#
...############.#
#######.##
#........#
#.######.## #.#
#..# #.# ##.# #.#
#.#


You could see a dart slug and a hobgoblin.

Vanquished Creatures
  An ooze (D:1)
  A rat (D:1)
2 creatures vanquished.

Notes
Turn   | Place    | Note
-------+----------+-------------------------------------------
     0 | D:1      | MalarOregon the Ghoul Earth Elementalist began the quest
                  | for the Orb.
     0 | D:1      | Reached XP level 1. HP: 14/14 MP: 2/2
  1433 | D:1      | Slain by a hobgoblin

Action                   || total
-------------------------++-------
Melee: Unarmed           ||    20
 Stab: Sleeping          ||     2
  Eat: Chunk             ||     1
Armor: Robe              ||     2
Dodge: Dodged            ||     8
